 Dungeon Crawl Stone Soup version 0.30-a0-137-gd8773701ce (webtiles) character file.

Game seed: 16049120358638672411

4685 Somlia the Cleaver (level 10, -9/88 HPs)
             Began as a Minotaur Fighter on Sept 22, 2022.
             Was a Priest of Okawaru.
             Killed by divine providence
             ... invoked by an orc priest
              (15 damage)
             ... on level 7 of the Dungeon.
             The game lasted 00:51:33 (8505 turns).

Somlia the Cleaver (Minotaur Fighter)               Turns: 8505, Time: 00:51:34

Health: -9/88      AC: 10    Str: 31    XL:     10   Next: 21%
Magic:  9/9        EV: 12    Int:  5    God:    Okawaru [***...]
Gold:   344        SH:  6    Dex: 16    Spells: 9/9 levels left

rFire   . . .      SeeInvis .    a - +0 war axe
rCold   . . .      Faith    +    c - +0 buckler
rNeg    . . .      Spirit   .    b - +1 scale mail
rPois   .          Reflect  .    (helmet restricted)
rElec   .          Harm     .    w - +0 cloak
rCorr   .          Rampage  .    (no gloves)
Will    .....                    (no boots)
Stlth   +.........               u - amulet of faith
HPRegen 0.24/turn                o - +6 ring of strength
MPRegen 0.11/turn                G - +6 ring of dexterity

@: mighty, mesmerised
A: horns 2, retaliatory headbutt
a: Renounce Religion, Heroism


You were on level 7 of the Dungeon.
You worshipped Okawaru.
Okawaru was most pleased with you.
You visited 2 branches of the dungeon, and saw 8 of its levels.
You also visited: Sewer.

You collected 344 gold pieces.

Inventory:

Hand Weapons
 a - a +0 war axe (weapon)
 n - a +0 short sword of venom
 x - a +1 trident of venom
 F - a +0 vorpal mace
 H - a +2 dagger of holy wrath
Missiles
 E - 3 boomerangs of dispersal (quivered)
Armour
 b - a +1 scale mail (worn)
 c - a +0 buckler (worn)
 w - a +0 cloak (worn)
 B - a +0 robe of resistance
 O - a scarf of shadows
Magical Staves
 k - a staff of death
Jewellery
 o - a +6 ring of strength (left hand)
 u - an amulet of faith (around neck)
 G - a +6 ring of dexterity (right hand)
 L - a +4 ring of protection
Wands
 f - a wand of digging (2)
 y - a wand of flame (15)
 A - a wand of polymorph (7)
 D - a wand of charming (8)
 I - a wand of roots (9)
Scrolls
 h - 4 scrolls of identify
 i - 2 scrolls of immolation
 j - a scroll of vulnerability {unknown}
 l - a scroll of enchant armour
 q - a scroll of teleportation
 s - a scroll of butterflies {unknown}
 v - a scroll of poison {unknown}
 J - a scroll of noise {unknown}
 K - a scroll of enchant weapon {unknown}
Potions
 d - a potion of cancellation {unknown}
 e - a potion of mutation {unknown}
 g - a potion of resistance {unknown}
 m - 2 potions of attraction
 p - a potion of experience {unknown}
 r - a potion of brilliance {unknown}
 t - a potion of magic {unknown}
 z - a potion of flight {unknown}
 C - a potion of might
 M - 2 potions of lignification {unknown}
 N - a potion of haste {unknown}


   Skills:
 + Level 8.0 Fighting
 + Level 11.9 Axes
 + Level 0.2 Throwing
 + Level 9.2 Armour
 + Level 4.0 Dodging
 + Level 1.3 Stealth
 + Level 7.1 Shields
 + Level 0.1 Invocations


You had 9 spell levels left.
You didn't know any spells.
Your spell library contained the following spells:

 Spells                   Type           Power      Damage    Failure   Level
 Apportation              Tloc           0%         N/A       77%         1
 Beastly Appendage        Tmut           0%         N/A       77%         1
 Necrotise                Necr           0%         1d4       77%         1
 Shock                    Conj/Air       0%         1d3       77%         1
 Blink                    Tloc           0%         N/A       88%         2
 Ensorcelled Hibernation  Hex/Ice        0%         N/A       88%         2
 Wereblood                Tmut           0%         N/A       88%         2
 Lesser Beckoning         Tloc           0%         N/A       98%         3
 Spider Form              Tmut/Pois      0%         N/A       98%         3
 Swiftness                Air            0%         N/A       98%         3
 Airstrike                Air            0%         2d(0-16)  100%        4
 Anguish                  Hex/Necr       0%         N/A       100%        4
 Manifold Assault         Tloc           0%         N/A       100%        4
 Borgnjor's Vile Clutch   Necr/Erth      0%         N/A       100%        5
 Necromutation            Tmut/Necr      0%         N/A       100%        8
 Summon Small Mammal      Summ           Unusable   N/A       N/A         1
 Animate Dead             Necr           Unusable   N/A       N/A         4
 Death Channel            Necr           Unusable   N/A       N/A         6

Dungeon Overview and Level Annotations

Branches:
Dungeon (7/15)             Temple (1/1) D:5           Sewer (visited)

Altars:
Ashenzari
Cheibriados
Dithmenos
Elyvilon
Fedhas
Gozag
Hepliaklqana
Kikubaaqudgha
Makhleb
Nemelex Xobeh
Okawaru
Qazlal
Ru
Sif Muna
Trog
Vehumet
Wu Jian
Xom
Yredelemnul
Zin
The Shining One

Annotations:
D:7 Maggie


Innate Abilities, Weirdness & Mutations

You have a pair of horns on your head.
You reflexively headbutt those who attack you in melee.


Message History

You are too injured to fight recklessly!
You hit the cyclops. You headbutt the cyclops!
The cyclops is severely wounded.
Maggie says, "If you die in the Dungeon, but nobody's around to see it, does it really matter?"
Maggie completely misses you.
You slash the cyclops!
The cyclops is severely wounded.
Maggie barely misses you. The cyclops closely misses you.
You slice the cyclops!!
You kill the cyclops!
Okawaru accepts your kill. Maggie barely misses you.
Your Fighting skill increases to level 8!
Your Dodging skill increases to level 4!
You cannot move away from Maggie!
An orc comes into view. It is wielding a +0 dagger.
The orc shouts!
Maggie mumbles some strange words.
Maggie draws you further into her thrall.
Items here: ( ) ††.
You closely miss Maggie.
An orc comes into view. It is wielding a +0 flail.
Maggie barely misses you.
You barely miss Maggie.
The orc shouts!
An orc priest comes into view. It is wielding a +0 falchion.
Maggie closely misses you.
You closely miss Maggie.
Maggie mutters to herself, "Master Lance won't take me back.
This is the way forward."
Maggie hits you with a +1 vorpal glaive!
* * * LOW HITPOINT WARNING * * *
x2 An orc wizard comes into view. It is wielding a +0 dagger.
You are too injured to fight recklessly!
As you read the scroll labelled MARRUE HOOSAQU, it crumbles to dust.
It is a scroll of enchant armour.
Your +0 scale mail glows green for a moment.
The orc wizard shouts!
The orc priest mumbles some strange prayers to Beogh against you.
Beogh smites you!
You die...

......# #..
..o...# ...
o..o..# ...
.o..... #.#
....... #.#
##.o..# #.# ##).#
#..####.####@.##
#.....⌠....@## #
##..####.####..#
. #.. ##.#.#
##..# .
#.###(##.# ##...
.# #....###.##
..... #.
#....##...#
#......
#.##.#..#..#..#
#.....
#....##....##...#
##...
##.######..# ####
#..


You could see Maggie (mesmerising), an orc priest, an orc wizard and 2 orcs.

Vanquished Creatures
  Pikel (D:5)
  3 cyclopes
  Prince Ribbit (D:6)
  Grinder (D:3)
  3 yaks (D:7)
  Sigmund (D:3)
  Duvessa (D:7)
  2 water moccasins (D:6)
  An orc warrior (D:6)
  3 ice beasts (D:6)
  2 black bears
  A centaur (D:6)
  A phantom (D:5)
  2 kobold brigands (Sewer)
  2 necrophages
  Dowan (D:7)
  2 howler monkeys (D:6)
  A quasit (Sewer)
  3 hounds
  A gnoll bouda (D:6)
  A jelly (D:6)
  An orc priest (D:7)
  4 orc wizards
  Ijyb (D:3)
  5 iguanas
  4 gnolls (D:6)
  7 adders
  6 shadow imps
  7 ufetubi (Sewer)
  An adder zombie (Sewer)
  A worm (D:5)
  2 dart slugs (D:3)
  15 orcs
  4 bats
  A bat zombie (Sewer)
  10 endoplasms
  7 giant cockroaches
  8 goblins
  7 hobgoblins
  25 kobolds
  5 quokkas
  7 ball pythons
  3 frilled lizards
  3 rats
168 creatures vanquished.

Vanquished Creatures (others)
  An endoplasm (Sewer)
  2 demonic plants (D:1)
  8 fungi (D:1)
  4 plants (D:1)
  A withered plant (D:1)
16 creatures vanquished.

Grand Total: 184 creatures vanquished

Notes
Turn   | Place    | Note
-------+----------+-------------------------------------------
     0 | D:1      | Somlia the Minotaur Fighter began the quest for the Orb.
     0 | D:1      | Reached XP level 1. HP: 19/19 MP: 0/0
   274 | D:1      | Reached XP level 2. HP: 27/27 MP: 1/1
   308 | D:1      | Got the Collected Works on Variation
   639 | D:1      | Found a faded altar of an unknown god.
  1089 | D:2      | Reached XP level 3. HP: 26/33 MP: 2/2
  1091 | D:2      | Found a shadowy altar of Dithmenos.
  1320 | D:3      | Found a glowing drain.
  1329 | D:3      | Reached skill level 3 in Axes
  1346 | Sewer    | Entered a sewer
  1552 | Sewer    | Reached XP level 4. HP: 27/40 MP: 3/3
  1770 | Sewer    | Found a burning altar of Makhleb.
  1770 | Sewer    | Noticed a kobold brigand
  1781 | Sewer    | Killed a kobold brigand
  1782 | Sewer    | Reached skill level 4 in Axes
  1782 | Sewer    | Reached skill level 5 in Armour
  1782 | Sewer    | Reached XP level 5. HP: 32/46 MP: 4/4
  1809 | Sewer    | Reached skill level 1 in Dodging
  1830 | Sewer    | HP: 2/47 [shadow imp/nerve-wracking pain (7)]
  1876 | Sewer    | Reached skill level 5 in Axes
  1876 | Sewer    | Reached XP level 6. HP: 27/53 MP: 5/5
  2156 | D:3      | Noticed Grinder
  2163 | D:3      | Paralysed by Grinder for 4 turns
  2176 | D:3      | Paralysed by Grinder for 3 turns
  3574 | D:1      | You fall into a shaft and drop 1 floor!
  3753 | D:3      | Noticed Ijyb
  3764 | D:3      | Killed Ijyb
  3922 | D:3      | Noticed Sigmund
  3935 | D:3      | Killed Sigmund
  3936 | D:3      | Reached skill level 6 in Axes
  3936 | D:3      | Reached XP level 7. HP: 53/60 MP: 6/6
  4405 | D:3      | Paralysed by Grinder for 5 turns
  4427 | D:3      | Killed Grinder
  4723 | D:4      | Found a radiant altar of Vehumet.
  4827 | D:4      | Found an ancient bone altar of Kikubaaqudgha.
  4832 | D:4      | Reached skill level 7 in Axes
  5136 | D:5      | Entered Level 5 of the Dungeon
  5146 | D:5      | Reached skill level 5 in Fighting
  5189 | D:5      | Found a snail-covered altar of Cheibriados.
  5336 | D:5      | Reached XP level 8. HP: 66/68 MP: 7/7
  5434 | D:5      | Noticed Pikel
  5451 | D:5      | Killed Pikel
  5452 | D:5      | Reached skill level 8 in Axes
  5452 | D:5      | Reached skill level 5 in Shields
  5499 | D:5      | Found a sparkling altar of Nemelex Xobeh.
  5512 | D:5      | Found a basalt altar of Yredelemnul.
  5597 | D:5      | Reached skill level 9 in Axes
  5827 | D:5      | Found a staircase to the Ecumenical Temple.
  5833 | Temple   | Entered the Ecumenical Temple
  5993 | Temple   | Became a worshipper of Warmaster Okawaru
  6709 | D:6      | Reached XP level 9. HP: 78/78 MP: 8/8
  6848 | D:6      | Reached skill level 10 in Axes
  7084 | D:6      | Noticed Prince Ribbit
  7118 | D:6      | Killed Prince Ribbit
  7118 | D:6      | Reached * piety under Okawaru
  7413 | D:6      | Found a shimmering blue altar of Sif Muna.
  7734 | D:6      | Noticed a cyclops
  7745 | D:6      | Killed a cyclops
  7745 | D:6      | Reached ** piety under Okawaru
  7746 | D:6      | Reached skill level 1 in Stealth
  7752 | D:6      | Reached skill level 11 in Axes
  8002 | D:7      | Found a burning altar of Makhleb.
  8019 | D:7      | Noticed Dowan
  8040 | D:7      | Reached *** piety under Okawaru
  8048 | D:7      | Killed Dowan
  8057 | D:7      | Noticed Duvessa
  8067 | D:7      | Killed Duvessa
  8068 | D:7      | Reached XP level 10. HP: 14/86 MP: 9/9
  8448 | D:7      | Noticed a cyclops
  8456 | D:7      | Killed a cyclops
  8485 | D:7      | Noticed Maggie
  8488 | D:7      | Noticed a cyclops
  8500 | D:7      | Killed a cyclops
  8505 | D:7      | Killed from afar by an orc priest

Illustrated notes

Levels and vault maps discovered:
D:1:      psy_arrival_radial02, layout_loops_corners,
          shapermc_ecumenical_altar_gd, st_stairs_7
D:2:      layout_basic, basic_altar
D:3:      layout_loops_ring, portal_sewer_entry_f, uniq_grinder, uniq_ijyb,
          uniq_sigmund
D:4:      layout_rooms, mainiacjoe_overflow_six_doors_small,
          mainiacjoe_overflow_cross_hatched, chequers_decorated_corner
D:5:      layout_loops_cross, amethyst_overflow_temple_binary,
          mainiacjoe_overflow_alcove_2, minmay_temple_entry_enclosed_plants,
          st_stairs_9, uniq_pikel
D:6:      minmay_chambers_of_sixes, layout_basic, led_sif_book,
          uniq_prince_ribbit1
D:7:      layout_cave_pods, lemuel_crystal_altar, nicolae_take_the_stairs,
          kb_rosetta, uniq_maggie, uniq_duvessa
Temple:   dpeg_chambers_temple

Skill      XL: |  1  2  3  4  5  6  7  8  9 10 |
---------------+-------------------------------+-----
Shields        | 4 5 6 7 |  7.1
Armour         | 4 5 6 7 8 9 |  9.2
Fighting       | 4 5 6 7 8 |  8.0
Axes           | 3 4 5 6 7 9 11 | 11.9
Dodging        | 1 2 3 4 |  4.0
Stealth        | 1 |  1.3
Throwing       | |  0.2
Invocations    | |  0.1

Action                   |  1- 3 |  4- 6 |  7- 9 | 10-12 || total
-------------------------+-------+-------+-------+-------++-------
Melee: War axe           |   106 |   121 |   257 |    21 ||   505
       Headbutt          |    16 |    17 |    45 |     4 ||    82
Throw: Boomerang         |       |       |     1 |       ||     1
Invok: Heroism           |       |       |     1 |       ||     1
  Use: Potion            |       |     4 |     2 |     1 ||     7
       Scroll            |       |     3 |     5 |     1 ||     9
Armor: Scale mail        |    67 |    64 |    88 |     1 ||   220
Dodge: Dodged            |    82 |    61 |   103 |    13 ||   259
Block: Buckler           |    35 |    35 |    54 |     5 ||   129

Table legend: (Time is in decaauts)
 A = Elapsed time spent in this place.
 B = Non-inter-level travel time spent in this place.
 C = Inter-level travel time spent in this place.
 D = Time resting spent in this place.
 E = Time spent auto-exploring this place.
 F = Levels seen in this place.
 G = Mean time per level.
                   A        B        C        D        E       F      G
               +--------+--------+--------+--------+--------+-----+--------+
         Total |   8640 |   8639 |      1 |   1765 |   2070 |   9 |  960.0 |
       Dungeon |   7622 |   7621 |      1 |   1568 |   1966 |   7 | 1088.9 |
        Temple |    214 |    214 |      0 |      0 |     87 |   1 |  214.0 |
         Sewer |    802 |    802 |      0 |    197 |     17 |   1 |  802.0 |
               +--------+--------+--------+--------+--------+-----+--------+

Top non-repeatable levels by time:
     D:2: 1585 daAuts
     D:6: 1524 daAuts
     D:1: 1246 daAuts
     D:3: 1154 daAuts
     D:5: 1030 daAuts
   Sewer: 802 daAuts
     D:7: 608 daAuts
     D:4: 471 daAuts
  Temple: 214 daAuts
